 Dungeon Crawl Stone Soup version 0.25.1-2-g60ff931df9 (webtiles) character file.

Game seed: 11838659474219508491

13759 MenacingMecha the Basher (level 11, 0/129 HPs)
             Began as a Demonspawn Gladiator on Oct 25, 2020.
             Was a High Priest of Okawaru.
             Slain by a snapping turtle (13 damage)
             ... on level 2 of the Lair of Beasts.
             The game lasted 00:35:27 (14020 turns).

MenacingMecha the Basher (Demonspawn Gladiator)    Turns: 14020, Time: 00:35:28

Health: 0/129      AC: 25    Str: 13    XL:     11   Next: 79%
Magic:  16/16      EV:  2    Int:  9    God:    Okawaru [*****.]
Gold:   569        SH:  0    Dex: 17    Spells: 10/10 levels left

rFire    . . .     SeeInvis .   A - +1 flail (protect)
rCold    . . .     Gourm    .   (no shield)
rNeg     + + +     Faith    .   (armour currently unavailable)
rPois    +         Spirit   .   (helmet currently unavailable)
rElec    +         Reflect  .   (cloak currently unavailable)
rCorr    .         Harm     .   (gloves currently unavailable)
MR       .....     NoTele   +   (boots currently unavailable)
Stlth    ++........             P - amulet of magic regeneration
HPRegen  0.31/turn              C - ring "Mocy" {rElec rPois Str-3 Slay+5 Stlth-}
MPRegen  0.40/turn              Q - ring "Ziddavuv" {rElec Stlth+}

@: mighty, tree-form
A: powered by pain 2
a: Heroism, Finesse, Renounce Religion


You were on level 2 of the Lair of Beasts.
You worshipped Okawaru.
Okawaru was extremely pleased with you.
You were hungry.
You were a tree.
You visited 3 branches of the dungeon, and saw 13 of its levels.

You collected 569 gold pieces.

Inventory:

Hand Weapons
 t - the +8 whip "Saann" {vorpal, Dex+2}
   (You found it on level 7 of the Dungeon)

   It inflicts extra damage upon your enemies.
   It affects your dexterity (+2).
 A - a +1 flail of protection (weapon)
 F - a +2 dagger of electrocution
Missiles
 c - 3 datura-tipped darts
 d - 2 throwing nets
 j - 397 stones
 m - 7 atropa-tipped darts
 q - 58 poisoned darts
 u - 6 boomerangs (quivered)
Armour
 v - a +0 chain mail of cold resistance (melded)
 z - a +1 helmet (melded)
 K - a +0 plate armour
Jewellery
 C - the ring "Mocy" (left branch) {rElec rPois Str-3 Slay+5 Stlth-}
   (You found it on level 5 of the Dungeon)

   [ring of attention]

   It affects your strength (-3).
   It affects your accuracy and damage with ranged weapons and melee attacks
   (+5).
   It insulates you from electricity.
   It protects you from poison.
   It makes you less stealthy.
 P - an amulet of magic regeneration (around neck)
 Q - the ring "Ziddavuv" (right branch) {rElec Stlth+}
   (You took it off an orc on level 8 of the Dungeon)

   [ring of stealth]

   It insulates you from electricity.
   It makes you more stealthy.
Wands
 H - a wand of acid (8)
 L - a wand of iceblast (10)
 O - a wand of disintegration (19)
 R - a wand of polymorph (5)
Scrolls
 a - a scroll of summoning {unknown}
 g - a scroll of identify
 l - 5 scrolls of remove curse
 n - a scroll of magic mapping
 o - 2 scrolls of enchant weapon {unknown}
 p - a scroll of enchant armour {unknown}
 y - a scroll of immolation {unknown}
 E - a scroll of vulnerability {unknown}
 G - 2 scrolls of fog {unknown}
 I - 3 scrolls of teleportation {unknown}
 J - 2 scrolls of blinking {unknown}
 M - a scroll of torment {unknown}
 N - a scroll of silence {unknown}
Potions
 e - a potion of lignification
 k - 4 potions of curing
 r - 3 potions of degeneration
 x - a potion of mutation {unknown}
 B - 3 potions of stabbing
 D - a potion of magic {unknown}
Comestibles
 f - 35 rations


   Skills:
 * Level 8.1 Fighting
 - Level 12.1 Maces & Flails
 * Level 3.9 Throwing
 * Level 8.4 Armour
 + Level 3.7 Dodging
 - Level 7.0 Invocations


You had 10 spell levels left.
You didn't know any spells.
Your spell library contained the following spells:

 Spells                   Type           Power        Failure   Level  Hunger
 Animate Skeleton         Necr           N/A          38%         1    ##.....
 Apportation              Tloc           #.....       38%         1    ##.....
 Corona                   Hex            #......      38%         1    ##.....
 Summon Small Mammal      Summ           #...         38%         1    ##.....
 Call Imp                 Summ           #.......     52%         2    ###....
 Poisonous Vapours        Pois/Air       #.....       52%         2    ###....
 Call Canine Familiar     Summ           #.......     77%         3    ####...
 Conjure Flame            Conj/Fire      #.......     77%         3    ####...
 Mephitic Cloud           Conj/Pois/Air  #.......     77%         3    ####...
 Summon Guardian Golem    Hex/Summ       #.......     77%         3    ####...
 Leda's Liquefaction      Hex/Erth       #.........   99%         4    #####..
 Summon Ice Beast         Ice/Summ       #.......     99%         4    #####..
 Summon Lightning Spire   Summ/Air       #.......     99%         4    #####..
 Bolt of Magma            Conj/Fire/Erth #.........   100%        5    ######.
 Freezing Cloud           Conj/Ice/Air   #.........   100%        6    #######
 Iron Shot                Conj/Erth      #.........   100%        6    #######
 Statue Form              Tmut/Erth      #........    100%        6    #######
 Ring of Flames           Chrm/Fire      #.........   100%        7    #######
 Shatter                  Erth           #.........   100%        9    #######


Dungeon Overview and Level Annotations

Branches:
Dungeon (10/15)            Temple (1/1) D:7            Lair (2/6) D:8
 Shoals (0/4) Lair:2        Snake (0/4) Lair:2
    Orc: D:9-12

Altars:
Ashenzari
Cheibriados
Dithmenos
Elyvilon
Fedhas
Gozag
Hepliaklqana
Kikubaaqudgha
Makhleb
Nemelex Xobeh
Okawaru
Qazlal
Ru
Sif Muna
Trog
Uskayaw
Vehumet
Wu Jian
Xom
Yredelemnul
Zin
The Shining One

Annotations:
D:10 Snorg


Innate Abilities, Weirdness & Mutations

((You have hoof-like feet.))
((You are mostly covered in icy blue scales. (AC +3)))
((Your flesh is cold resistant. (rC+)))
You sometimes gain power by taking damage.


Message History

Press: ? - help, Shift-Dir - straight line, f/p - snapping turtle
Aim: a snapping turtle You throw a boomerang.
The boomerang hits the snapping turtle.
The snapping turtle is lightly wounded.
The snapping turtle bites you from afar!
* * * LOW HITPOINT WARNING * * *
Throwing (i - inventory. (/) - cycle)
u - 6 boomerangs (quivered)
Press: ? - help, Shift-Dir - straight line, f/p - snapping turtle
Aim: a snapping turtle (lightly wounded)
You throw a boomerang.
The boomerang hits the snapping turtle but does no damage.
The snapping turtle is lightly wounded.
The snapping turtle bites you but does no damage.
Throwing (i - inventory. (/) - cycle)
u - 6 boomerangs (quivered)
Press: ? - help, Shift-Dir - straight line, f/p - snapping turtle
Aim: a snapping turtle You throw a boomerang.
The boomerang hits the snapping turtle but does no damage.
The snapping turtle bites you from afar!
You die...

##.....###.F.## #.....### #
##P...### #..P.# #....##.######
.....## ##....#####....P##......
...#.#####......##..#..####......
.......................# #......
.........##.###......### ##......
....####.###* ##.t...#####......#
..### #*# ##†...##........## .##
#♣#.P....######## ## ##*
###..PP.P# * #.####...#####
******* ###....#..# ,,,,,,*
#.........## ,,,,,,**
#..........# ,,,,,,,*
##..........# ,,,,,,**
#...........#* ,,,,,,,*
##...........#


You could see a snapping turtle.

Vanquished Creatures
  2 hydras
  A two-headed ogre (D:9)
  3 black mambas (Lair:2)
  4 spiny frogs
  A komodo dragon (Lair:1)
  2 dream sheep (D:9)
  A hippogriff (D:7)
  A wraith (D:7)
  10 yaks
  Grum (D:9)
  A steam dragon (D:9)
  3 wargs
  13 water moccasins (Lair:2)
  Duvessa (D:7)
  A porcupine (Lair:2)
  3 orc warriors
  3 ice beasts
  3 sky beasts
  2 necrophages
  4 ogres
  2 phantoms
  7 wolves
  3 centaurs
  A crocodile (Lair:1)
  3 big kobolds (D:9)
  6 bullfrogs
  Dowan (D:7)
  A wyvern skeleton (D:9)
  A scorpion (D:7)
  7 howler monkeys
  3 electric eels
  3 crimson imps
  2 centaur zombies (D:6)
  A quasit (D:5)
  7 orc priests
  A gnoll shaman (D:8)
  8 hounds
  A jelly (D:8)
  A bullfrog skeleton (D:8)
  9 orc wizards
  An iguana (D:9)
  9 worker ants
  A killer bee zombie (D:7)
  2 hound zombies
  A worker ant zombie (D:7)
  4 gnolls
  18 adders
  2 shadow imps (D:6)
  3 oozes
  2 worms (D:4)
  A dart slug (D:2)
  2 leopard geckos (D:9)
  35 orcs
  9 bats
  A giant cockroach (D:4)
  8 goblins
  9 hobgoblins
  4 jackals (D:3)
  8 kobolds
  2 quokkas
  6 ball pythons
  4 frilled lizards
  A leopard gecko skeleton (D:4)
  A quokka skeleton (D:6)
  A quokka zombie (D:5)
  11 rats
274 creatures vanquished.

Notes
Turn   | Place    | Note
-------+----------+-------------------------------------------
     0 | D:1      | MenacingMecha the Demonspawn Gladiator began the quest for
                  | the Orb.
     0 | D:1      | Reached XP level 1. HP: 16/16 MP: 1/1
    79 | D:1      | Reached skill level 3 in Maces & Flails
   155 | D:1      | Gained mutation: You sometimes gain a little power by
                  | taking damage. [demonic ancestry]
   155 | D:1      | Reached XP level 2. HP: 22/22 MP: 2/2
   738 | D:2      | Gained mutation: You have large cloven feet. [demonic
                  | ancestry]
   738 | D:2      | Reached XP level 3. HP: 23/27 MP: 3/3
   795 | D:2      | Reached skill level 4 in Maces & Flails
  1273 | D:2      | Reached XP level 4. HP: 33/33 MP: 4/4
  1901 | D:3      | Found a blossoming altar of Fedhas.
  2005 | D:3      | Reached skill level 5 in Maces & Flails
  2396 | D:3      | Gained mutation: You have hoof-like feet. [demonic
                  | ancestry]
  2396 | D:3      | Reached XP level 5. HP: 24/39 MP: 5/5
  2947 | D:4      | Noticed an ogre
  2959 | D:4      | Killed an ogre
  2959 | D:4      | Gained mutation: Your flesh is cold resistant. (rC+)
                  | [demonic ancestry]
  2959 | D:4      | Reached XP level 6. HP: 25/47 MP: 6/6
  3837 | D:4      | Found a hide-covered altar of Uskayaw.
  3890 | D:4      | Found a shimmering altar of Xom.
  4035 | D:4      | Reached skill level 6 in Maces & Flails
  4721 | D:4      | Gained mutation: You are partially covered in icy blue
                  | scales. (AC +2) [demonic ancestry]
  4721 | D:4      | Reached XP level 7. HP: 51/55 MP: 7/7
  4829 | D:5      | Entered Level 5 of the Dungeon
  4931 | D:5      | Reached skill level 5 in Fighting
  5039 | D:5      | Got a heavily runed copper ring
  5040 | D:5      | Identified the ring "Mocy" {rElec rPois Str-3 Slay+5
                  | Stlth-} (You found it on level 5 of the Dungeon)
  5447 | D:5      | Reached skill level 7 in Maces & Flails
  5661 | D:6      | Reached XP level 8. HP: 56/64 MP: 8/8
  6024 | D:6      | Reached skill level 1 in Armour
  6551 | D:7      | Reached skill level 8 in Maces & Flails
  6698 | D:7      | Found a radiant altar of Vehumet.
  6717 | D:7      | Got a smoking whip
  6721 | D:7      | Identified the +8 whip "Saann" {vorpal, Dex+2} (You found
                  | it on level 7 of the Dungeon)
  6831 | D:7      | Noticed a hippogriff
  6836 | D:7      | Killed a hippogriff
  6915 | D:7      | Gained mutation: You are mostly covered in icy blue scales.
                  | (AC +3) [demonic ancestry]
  6915 | D:7      | Reached XP level 9. HP: 69/69 MP: 9/9
  6939 | D:7      | Found a staircase to the Ecumenical Temple.
  6943 | Temple   | Entered the Ecumenical Temple
  7086 | Temple   | Became a worshipper of Warmaster Okawaru
  7210 | D:7      | Reached skill level 9 in Maces & Flails
  7414 | D:7      | Noticed Duvessa
  7436 | D:7      | Killed Duvessa
  7436 | D:7      | Reached * piety under Okawaru
  7448 | D:7      | Noticed Dowan
  7452 | D:7      | Killed Dowan
  7520 | D:7      | Found a snail-covered altar of Cheibriados.
  7520 | D:7      | Found a stormy altar of Qazlal.
  7839 | D:7      | Reached skill level 10 in Maces & Flails
  8337 | D:8      | Reached ** piety under Okawaru
  8337 | D:8      | Reached skill level 5 in Armour
  8431 | D:8      | Found a staircase to the Lair.
  8984 | D:8      | You fall into a shaft and drop 1 floor!
  8984 | D:9      | Found a white marble altar of Elyvilon.
  9171 | D:9      | Reached XP level 10. HP: 69/76 MP: 10/10
  9311 | D:9      | Noticed a two-headed ogre
  9345 | D:9      | Killed a two-headed ogre
  9345 | D:9      | Reached *** piety under Okawaru
  9345 | D:9      | Reached skill level 11 in Maces & Flails
  9927 | D:8      | Identified the ring "Ziddavuv" {rElec Stlth+}
 10620 | D:8      | Reached **** piety under Okawaru
 10641 | D:8      | Reached skill level 12 in Maces & Flails
 10812 | D:9      | Reached skill level 1 in Invocations
 10824 | D:9      | Noticed Grum
 10841 | D:8      | Received a gift from Okawaru
 10937 | D:9      | Killed Grum
 11338 | D:9      | Gained mutation: You sometimes gain power by taking damage.
                  | [demonic ancestry]
 11338 | D:9      | Reached XP level 11. HP: 74/83 MP: 13/13
 11408 | D:9      | Noticed a three-headed hydra
 11415 | D:9      | Killed a three-headed hydra
 11418 | D:9      | Reached skill level 5 in Invocations
 11547 | D:10     | Entered Level 10 of the Dungeon
 11557 | D:10     | Noticed Snorg
 11610 | D:9      | Reached ***** piety under Okawaru
 11687 | Lair:1   | Entered Level 1 of the Lair of Beasts
 11714 | Lair:1   | Found a gate leading to a gauntlet.
 12726 | Lair:2   | Found a dark tunnel.
 12848 | Lair:2   | Received a gift from Okawaru
 13410 | Lair:2   | Found a staircase to the Snake Pit.
 13807 | Lair:2   | Noticed a six-headed hydra
 13817 | Lair:2   | Killed a six-headed hydra
 13956 | Lair:2   | Found a staircase to the Shoals.
 14020 | Lair:2   | Slain by a snapping turtle

Illustrated notes

Levels and vault maps discovered:
D:1:      roderic_crop_circles_arrival_small, layout_rooms
D:2:      minmay_diamond_boxcup, layout_rooms
D:3:      layout_basic, fedhas_altar_fruit_tree, first_ration
D:4:      layout_basic, eat_drink_and_be_merry_uskayaw,
          brannock_xom_greatest_gift
D:5:      layout_rooms
D:6:      layout_cave_pools, st_stairs_12
D:7:      layout_loops_ring, overflow_temple_1_default,
          gammafunk_temple_overflow_pools, minmay_temple_entry_glassed_door,
          uniq_duvessa
D:8:      layout_layer_cave, erik_lair_orcish_takeover
D:9:      layout_roguey, elyvilon_altar_5, hangedman_ranch
          [blue_anna_fruit_fields], chequers_serial_rivers_room_a, uniq_grum
D:10:     layout_rooms, serial_shops, nicolae_shop_behind_doors, uniq_urug,
          uniq_snorg, uniq_joseph
Temple:   regret_index_temple_sphere_string
Lair:1:   layout_long_grid, gauntlet_entry_generic,
          nicolae_quartered_pool_medium, st_stairs_13, lemuel_fruit_tree,
          serial_bayou_shore_a, infiniplex_staircase_pool
Lair:2:   layout_cave_pods, minmay_shoals_entry_hut,
          minmay_snake_entry_six_corridors, enter_volcano_1

Skill      XL: |  1  2  3  4  5  6  7  8  9 10 11 |
---------------+----------------------------------+-----
Maces & Flails | 3 4 5 6 7 8 10 12 | 12.1
Fighting       | 3 4 6 8 |  8.1
Armour         | 3 5 7 8 |  8.4
Invocations    | 3 7 |  7.0
Throwing       | 3 |  3.9
Dodging        | 3 |  3.7

Action                   |  1- 3 |  4- 6 |  7- 9 | 10-12 || total
-------------------------+-------+-------+-------+-------++-------
Melee: Flail             |    68 |   172 |    99 |     8 ||   347
       Kick              |    11 |    47 |    69 |    90 ||   217
       Whip              |       |       |   141 |   263 ||   404
       Punch             |       |       |       |     1 ||     1
Throw: Throwing net      |     2 |     1 |       |       ||     3
       Stone             |    43 |    69 |   110 |    59 ||   281
       Dart              |       |     6 |    54 |    36 ||    96
       Boomerang         |       |       |     5 |    25 ||    30
Invok: Heroism           |       |       |       |     2 ||     2
       Finesse           |       |       |       |     1 ||     1
  Use: Scroll            |       |     2 |     6 |    10 ||    18
       Potion            |       |       |     1 |     5 ||     6
 Stab: Sleeping          |     1 |       |       |       ||     1
       Held in net/web   |       |     1 |       |       ||     1
  Eat: Chunk             |     1 |    11 |    14 |    11 ||    37
       Ration            |       |       |       |     1 ||     1
Armor: Leather armour    |    10 |       |       |       ||    10
       Ring mail         |     8 |    19 |       |       ||    27
       Scale mail        |       |     9 |       |       ||     9
       Chain mail        |       |    45 |   127 |   102 ||   274
       Skin              |       |       |       |     5 ||     5
Dodge: Dodged            |    46 |    79 |    56 |    74 ||   255
